 Dungeon Crawl Stone Soup version 0.29.1-2-gbd0b4ee654 (webtiles) character file.

Game seed: 8100675154729821908

203340 Icepheonix32 the Shatterer (level 17, -5/152 HPs)
             Began as a Minotaur Fighter on Nov 2, 2022.
             Was the Champion of Okawaru.
             Slain by a yaktaur captain (31 damage)
             ... on level 1 of the Vaults.
             The game lasted 01:28:53 (38467 turns).

Icepheonix32 the Shatterer (Minotaur Fighter)      Turns: 38467, Time: 01:28:54

Health: -5/152     AC: 34    Str: 27      XL:     17   Next: 97%
Magic:  18/22      EV: 13    Int:  5 (7)  God:    Okawaru [******]
Gold:   656        SH:  0    Dex: 20      Spells: 16/16 levels left

rFire   + + +      SeeInvis +   z - +10 dark maul {vorpal}
rCold   x . .      Faith    +   (shield currently unavailable)
rNeg    + + .      Spirit   .   K - +6 crystal plate armour of Juneriesch {rPois Will+ Str-3}
rPois   +          Reflect  .   l - +2 hat
rElec   .          Harm     .   u - +0 cloak
rCorr   .          Rampage  .   p - +3 pair of gloves "Muoxog" {-Tele rN++ Will- SInv}
Will    +....      Clarity  +   g - +1 pair of boots
Stlth   .......... NoTele   +   E - amulet of faith
HPRegen 0.35/turn               s - ring "Noum" {Fire Str+4 Slay+5}
MPRegen 0.18/turn               i - ring of the Hippo {rPois rF+ Str+3 Dex+6 Slay+3}

@: finesse-ful
A: horns 2, retaliatory headbutt, clarity, deformed body, deterioration 1, fire
resistance 1
}: 1/15 runes: decaying
a: Renounce Religion, Heroism, Finesse, Duel


You were on level 1 of the Vaults.
You worshipped Okawaru.
Okawaru was exalted by your worship.
You visited 8 branches of the dungeon, and saw 33 of its levels.
You visited the Abyss 1 time.
You also visited: Gauntlet.

You collected 4185 gold pieces.
You spent 3529 gold pieces at shops.

Inventory:

Hand Weapons
 z - the +10 dark maul (weapon) {vorpal}
   (You found it on level 4 of the Lair of Beasts)

   It inflicts extra damage upon your enemies.
 O - a +7 morningstar of holy wrath
 R - the +6 flail of Dagoegh {vorpal, rC+}
   (You found it on level 8 of the Dungeon)

   It inflicts extra damage upon your enemies.
   rC:        It protects you from cold.
Missiles
 a - 8 javelins
 e - a silver boomerang
 j - 8 curare-tipped darts (quivered)
 N - 3 throwing nets
 T - 14 datura-tipped darts
Armour
 c - a +1 kite shield of protection
 g - a +1 pair of boots (worn)
 l - a +2 hat (worn)
 p - the +3 pair of gloves "Muoxog" (worn) {-Tele rN++ Will- SInv}
   (You found it in a Gauntlet)

   rN:        It greatly protects you from negative energy.
   SInv:      It lets you see invisible.
   -Tele:     It prevents most forms of teleportation.
   Will:      It decreases your willpower.
 t - a +1 pair of gloves
 u - a +0 cloak (worn)
 D - a +1 scale mail of fire resistance
 H - the +1 ring mail of Boredom {-Cast Str+3 Dex+6}
   (You found it on level 5 of the Dungeon)

   Str:       It affects your strength (+3).
   Dex:       It affects your dexterity (+6).
   -Cast:     It prevents spellcasting.
 K - the +6 crystal plate armour of Juneriesch (worn) {rPois Will+ Str-3}
   (You acquired it in a Gauntlet)

   Str:       It affects your strength (-3).
   rPois:     It protects you from poison.
   Will:      It increases your willpower.
Jewellery
 i - the ring of the Hippo (right hand) {rPois rF+ Str+3 Dex+6 Slay+3}
   (You bought it in a shop on level 2 of the Orcish Mines)

   [ring of dexterity]

   Str:       It affects your strength (+3).
   Dex:       It affects your dexterity (+6).
   Slay:      It affects your accuracy & damage with ranged weapons and melee
   (+3).
   rF:        It protects you from fire.
   rPois:     It protects you from poison.
 o - a ring of protection from cold
 q - the ring of the Tortoise {AC+8}
   (You found it in a Gauntlet)

   [ring of protection]

   AC:        It affects your AC (+8).
 r - a +6 ring of dexterity
 s - the ring "Noum" (left hand) {Fire Str+4 Slay+5}
   (You found it on level 8 of the Dungeon)

   [ring of fire]

   It enhances your fire magic.
   Str:       It affects your strength (+4).
   Slay:      It affects your accuracy & damage with ranged weapons and melee
   (+5).
   rF:        It protects you from fire.
   rC:        It makes you vulnerable to cold.
 E - an amulet of faith (around neck)
 S - the ring "Vucwezod" {rCorr AC+4 Dex+3}
   (You found it in a Gauntlet)

   [ring of protection]

   AC:        It affects your AC (+4).
   Dex:       It affects your dexterity (+3).
   rCorr:     It protects you from acid and corrosion.
Wands
 w - a wand of flame (29)
 x - a wand of roots (20)
 A - a wand of digging (10)
 P - a wand of polymorph (21)
 V - a wand of mindburst (18)
 W - a wand of paralysis (8)
 Z - a wand of quicksilver (17)
Scrolls
 h - 2 scrolls of poison
 m - 11 scrolls of teleportation
 C - 3 scrolls of fear
 F - 2 scrolls of torment
 M - a scroll of amnesia
 Q - 2 scrolls of silence
 X - 2 scrolls of magic mapping
 Y - 4 scrolls of blinking
Potions
 d - 4 potions of might
 f - 5 potions of flight
 k - 3 potions of curing
 n - 3 potions of magic
 v - 3 potions of invisibility
 y - 5 potions of attraction
 B - 2 potions of ambrosia
 I - 5 potions of lignification
 L - 2 potions of cancellation
Miscellaneous
 b - a condenser vane
 U - a tin of tremorstones (2/2)


   Skills:
 - Level 14.0 Fighting
 - Level 4.3(17.9) Axes
 * Level 26.2(26.3) Maces & Flails
 + Level 8.7 Throwing
 + Level 15.6 Armour
 - Level 13.1 Dodging
 - Level 3.6 Stealth
 - Level 8.0 Shields
 - Level 9.1 Invocations
 - Level 5.0 Evocations


You had 16 spell levels left.
You didn't know any spells.
Your spell library contained the following spells:

 Spells                   Type           Power      Damage    Failure   Level
 Beastly Appendage        Tmut           0%         N/A       100%        1
 Foxfire                  Conj/Fire      0%         2x1d4     100%        1
 Magic Dart               Conj           0%         1d3       100%        1
 Shock                    Conj/Air       0%         1d3       100%        1
 Sting                    Tmut/Pois      0%         1d3       100%        1
 Blink                    Tloc           0%         N/A       100%        2
 Ensorcelled Hibernation  Hex/Ice        0%         N/A       100%        2
 Passwall                 Tmut/Erth      0%         N/A       100%        2
 Poisonous Vapours        Pois/Air       0%         N/A       100%        2
 Sublimation of Blood     Necr           0%         N/A       100%        2
 Wereblood                Tmut           0%         N/A       100%        2
 Conjure Flame            Conj/Fire      0%         6-21      100%        3
 Ignite Poison            Fire/Tmut/Pois 0%         N/A       100%        3
 Inner Flame              Hex/Fire       0%         N/A       100%        3
 Lesser Beckoning         Tloc           0%         N/A       100%        3
 Mephitic Cloud           Conj/Pois/Air  0%         N/A       100%        3
 Ozocubu's Armour         Ice            0%         N/A       100%        3
 Portal Projectile        Hex/Tloc       0%         N/A       100%        3
 Spider Form              Tmut/Pois      0%         N/A       100%        3
 Swiftness                Air            0%         N/A       100%        3
 Airstrike                Air            0%         2d(0-16)  100%        4
 Flame Wave               Conj/Fire      0%         2d4       100%        4
 Fulminant Prism          Conj/Hex       0%         3d6       100%        4
 Iskenderun's Mystic Bla  Conj/Tloc      0%         2d3       100%        4
 Leda's Liquefaction      Hex/Erth       0%         N/A       100%        4
 Olgreb's Toxic Radiance  Pois           0%         N/A       100%        4
 Passage of Golubria      Tloc           0%         N/A       100%        4
 Petrify                  Tmut/Erth      0%         N/A       100%        4
 Sticky Flame             Conj/Fire      0%         2d3       100%        4
 Blade Hands              Tmut           0%         N/A       100%        5
 Freezing Cloud           Conj/Ice/Air   0%         6-21      100%        5
 Irradiate                Conj/Tmut      0%         3d11      100%        5
 Iskenderun's Battlesphe  Conj           0%         2d6       100%        5
 Lee's Rapid Deconstruct  Erth           0%         3d5*      100%        5
 Manifold Assault         Tloc           0%         N/A       100%        5
 Metabolic Englaciation   Hex/Ice        0%         N/A       100%        5
 Yara's Violent Unravell  Hex/Tmut       0%         3d3       100%        5
 Iron Shot                Conj/Erth      0%         9d1       100%        6
 Dragon Form              Tmut           0%         N/A       100%        7
 Ozocubu's Refrigeration  Ice            0%         4d7       100%        7
 Call Imp                 Summ           Unusable   N/A       N/A         2
 Call Canine Familiar     Summ           Unusable   N/A       N/A         3
 Tukima's Dance           Hex            Unusable   N/A       N/A         3
 Animate Armour           Summ/Erth      Unusable   N/A       N/A         4
 Simulacrum               Ice/Necr       Unusable   N/A       N/A         6
 Spellforged Servitor     Conj/Summ      Unusable   N/A       N/A         7

Dungeon Overview and Level Annotations

Branches:
Dungeon (15/15)            Temple (0/1) D:6            Lair (5/5) D:11
  Swamp (4/4) Lair:2        Snake (3/4) Lair:2        Slime (2/5) Lair:4
    Orc (2/2) D:12            Elf (1/3) Orc:2        Vaults (1/5) D:14
 Depths (0/4) D:15        Gauntlet (visited)

Altars:
Ashenzari
Fedhas
Kikubaaqudgha
Okawaru
Ru
Sif Muna
Trog
Uskayaw
Vehumet
Wu Jian
Yredelemnul
Jiyva

Shops:
D:3 *   D:11 *   Orc:2 =[*(   Snake:1 :==   Snake:2 ?((

Portals:
Abyss: Snake:1

Annotations:
Lair:4 exclusion: oklob plant
Lair:5 exclusion: oklob plant
Snake:1 2 transporters, Bunnuime's ghost, adept DECj
Abyss:1 BuzzyBeetle's ghost, journeyman KoCj; Rupert; Sonja


Innate Abilities, Weirdness & Mutations

You have a pair of horns on your head.
You reflexively headbutt those who attack you in melee.
You possess an exceptional clarity of mind.
Armour fits poorly on your strangely shaped body.
Your body sometimes deteriorates upon taking damage.
Your flesh is heat resistant. (rF+)


Message History

The ironbound convoker hits you but does no damage.
The yaktaur hits you but does no damage.
The yaktaur captain hits you but does no damage.
The ironbound thunderhulk hits you but does no damage.
You feel your dexterity returning.
You crush the ironbound convoker like a grape!!!!
You kill the ironbound convoker!
Okawaru accepts your kill.
The yaktaur captain hits you but does no damage.
The yaktaur hits you!
* * * LOW HITPOINT WARNING * * *
Unknown command.
You flatten the ironbound thunderhulk like a pancake!!!
You headbutt the ironbound thunderhulk!
The ironbound thunderhulk is severely wounded.
The yaktaur hits you!
* * * LOW HITPOINT WARNING * * *
The yaktaur captain hits you but does no damage.
The ironbound thunderhulk hits you with a +0 dire flail.
* * * LOW HITPOINT WARNING * * *
The ironbound convoker casts a spell at the ironbound thunderhulk.
The ironbound thunderhulk seems to grow stronger.
You hammer the ironbound thunderhulk like a gong!!!
You kill the ironbound thunderhulk!
Okawaru accepts your kill.
Unknown command.
You feel better.
The ironbound convoker hits you but does no damage.
The yaktaur hits you.
* * * LOW HITPOINT WARNING * * *
The yaktaur captain hits you.
* * * LOW HITPOINT WARNING * * *
Unknown command.
You flatten the ironbound convoker like a pancake!!!
The ironbound convoker is severely wounded.
The ironbound convoker points at the yaktaur captain and mumbles some strange words.
The yaktaur captain seems to grow stronger.
The yaktaur closely misses you. You furiously retaliate!
You headbutt the yaktaur! The yaktaur captain hits you!!
You die...

.............#
.............#
########'#####
#..#....# .
#..#....# ...
#..#....#
....#..#....#
####..cp#####
......c@)...#
......c.[...+
####....#####
..#..#.
....#.. . ...
#.. ./ .. #..
.. ### ###


You could see a yaktaur captain (strong), an ironbound convoker (catching
breath) and 2 yaktaurs.

Vanquished Creatures
  the Lernaean hydra (Swamp:4)
  Saint Roka (Orc:2)
  2 tentacled starspawn (Abyss:3)
  An azure jelly (Slime:1)
  Donald (Snake:1)
  2 ghouls (Swamp:3)
  An ironbound preserver (D:14)
  A stone giant (D:15)
  An ironbound thunderhulk (Vaults:1)
  6 eleionomae
  7 bunyips
  An eidolon (Abyss:3)
  Snorg (D:11)
  2 shambling mangroves
  Harold (D:9)
  A salamander tyrant (Snake:3)
  2 boulder beetles
  An ogre mage (D:14)
  An ironbound frostheart (Vaults:1)
  20 hydras
  6 centaur warriors
  7 anacondas
  2 catoblepae
  2 naga warriors
  6 alligators
  3 tengu warriors
  10 two-headed ogres
  A dancing weapon (Elf:1)
  6 shock serpents
  Urug (D:11)
  An orc high priest (Orc:2)
  2 naga sharpshooters
  A spriggan berserker (Swamp:1)
  Nergalle (D:12)
  A soul eater (D:15)
  19 spriggans
  2 wretched stars (Abyss:3)
  A fire crab (Lair:5)
  A salamander mystic (Snake:2)
  3 goliath frogs
  5 skeletal warriors
  4 naga ritualists
  A deep troll (D:14)
  An ironbound convoker (Vaults:1)
  12 swamp dragons
  A harpy (shapeshifter) (D:14)
  2 wizards (D:12)
  3 necromancers
  4 bog bodies
  5 orc knights
  3 deep elf pyromancers
  3 deep elf zephyrmancers
  3 ugly things
  8 mana vipers
  8 cyclopes
  A will-o-the-wisp (Swamp:3)
  6 salamanders
  4 orc sorcerers
  10 elephants
  A manticore (D:11)
  2 rust devils (D:14)
  29 black mambas
  A torpor snail (Lair:2)
  Maurice (D:11)
  6 naga magi
  A smoke demon (D:14)
  An orange demon (D:15)
  A gargoyle (D:13)
  The ghost of qeuew the Slasher, a novice DsGl of Nemelex Xobeh (D:5)
  3 rime drakes
  A centaur skeleton (Abyss:3)
  6 kobold demonologists
  11 cane toads
  An efreet (Abyss:3)
  2 unseen horrors (D:11)
  A rime drake (shapeshifter) (D:15)
  4 tengu conjurers
  4 komodo dragons
  2 ice devils
  13 polar bears
  4 trolls
  A merfolk (shapeshifter) (D:15)
  5 tyrant leeches
  17 hornets
  39 slime creatures
  23 blink frogs
  4 dream sheep
  Prince Ribbit (D:9)
  5 raiju
  A culicivora (shapeshifter) (D:14)
  2 shadows
  42 yaks
  A water elemental (Abyss:3)
  6 wyverns
  An unseen horror simulacrum (D:8)
  2 vampires
  3 basilisks
  A ynoxinul (Gauntlet)
  The ghost of quakins the Ruffian, an amateur TrTm (D:4)
  A wraith (D:14)
  4 large abominations (Abyss:3)
  10 vampire mosquitoes
  16 swamp worms
  2 steam dragons
  14 nagas
  3 wargs
  14 water moccasins
  8 swamp drakes
  26 orc warriors
  3 ice beasts
  12 black bears
  7 boggarts
  A sky beast (D:8)
  11 ogres
  A centaur (D:9)
  35 wolves
  5 kobold brigands
  8 bullfrogs
  A gnoll sergeant (D:7)
  5 scorpions
  15 killer bees
  An electric eel (Lair:2)
  5 howler monkeys
  3 small abominations (Abyss:3)
  4 hounds
  2 iron imps
  20 orc priests
  A gnoll bouda (D:8)
  A jelly (D:8)
  3 iguanas
  Ijyb (D:3)
  24 orc wizards
  12 hell rats
  A centaur simulacrum (D:8)
  5 adders
  9 gnolls
  2 shadow imps
  3 white imps (D:8)
  A howler monkey simulacrum (D:8)
  4 worms
  2 dart slugs (D:2)
  61 orcs
  2 bats
  12 endoplasms
  2 giant cockroaches
  3 goblins (D:2)
  4 hobgoblins
  A quokka (D:3)
  6 ball pythons
  4 frilled lizards
  30 kobolds
  3 rats
  6 starspawn tentacles (Abyss:3)
905 creatures vanquished.

Vanquished Creatures (others)
  A wraith (Abyss:3)
  2 bushes
  6 demonic plants
  2 foxfires (Swamp:3)
  21 fungi
  79 plants
  3 starspawn tentacles (Abyss:3)
114 creatures vanquished.

Grand Total: 1019 creatures vanquished

Notes
Turn   | Place    | Note
-------+----------+-------------------------------------------
     0 | D:1      | Icepheonix32 the Minotaur Fighter began the quest for the
                  | Orb.
     0 | D:1      | Reached XP level 1. HP: 19/19 MP: 0/0
   264 | D:1      | Reached XP level 2. HP: 24/27 MP: 1/1
   900 | D:2      | Reached XP level 3. HP: 34/34 MP: 2/2
  1353 | D:3      | Found a faded altar of an unknown god.
  1415 | D:3      | Noticed Ijyb
  1422 | D:3      | Killed Ijyb
  1423 | D:3      | Reached skill level 5 in Fighting
  1423 | D:3      | Reached XP level 4. HP: 37/42 MP: 3/3
  1474 | D:3      | Found a hide-covered altar of Uskayaw.
  1618 | D:3      | Found a broken altar of Ashenzari.
  1802 | D:3      | Found Cyis's Assorted Antiques.
  1810 | D:3      | Bought a green potion for 18 gold pieces
  1810 | D:3      | Bought a scroll labelled CYSEOT SULODA for 21 gold pieces
  1810 | D:3      | Bought a metallic amethyst potion for 18 gold pieces
  1810 | D:3      | Bought a scroll labelled NUAKKOB WIMN for 21 gold pieces
  1810 | D:3      | Bought a scroll labelled ZESARY FUPTYLA for 21 gold pieces
  1810 | D:3      | Bought a scroll labelled BEMIBO OROELLOMU for 21 gold
                  | pieces
  2038 | D:4      | Reached XP level 5. HP: 48/48 MP: 4/4
  2079 | D:4      | Found a blossoming altar of Fedhas.
  2147 | D:4      | Found an iron altar of Okawaru.
  2156 | D:4      | Reached skill level 1 in Throwing
  2163 | D:4      | Became a worshipper of Warmaster Okawaru
  2247 | D:4      | Reached XP level 6. HP: 40/57 MP: 5/5
  2268 | D:4      | Reached skill level 1 in Maces & Flails
  2442 | D:4      | Found a transporter.
  2442 | D:4      | Noticed quakins's ghost (amateur TrTm)
  2443 | D:4      | Found a transporter.
  2451 | D:4      | Reached skill level 1 in Invocations
  2452 | D:4      | Identified the +1 dire flail of Ascent {flame, Will+ Dex+6}
  2557 | D:4      | Reached skill level 1 in Dodging
  2829 | D:4      | Found an ancient bone altar of Kikubaaqudgha.
  2879 | D:4      | Reached skill level 2 in Maces & Flails
  2879 | D:4      | Reached skill level 5 in Armour
  2879 | D:4      | Reached XP level 7. HP: 63/63 MP: 7/7
  3241 | D:5      | Entered Level 5 of the Dungeon
  3271 | D:5      | Noticed qeuew's ghost (novice DsGl)
  3290 | D:5      | Found a runed translucent gate.
  3290 | D:5      | Found a runed translucent gate.
  3290 | D:5      | Found a runed translucent gate.
  3319 | D:5      | Reached * piety under Okawaru
  3320 | D:5      | Reached skill level 3 in Maces & Flails
  3335 | D:5      | Killed qeuew's ghost
  3336 | D:5      | Reached XP level 8. HP: 50/71 MP: 9/9
  3446 | D:5      | Identified the +1 ring mail of Boredom {-Cast Str+3 Dex+6}
  3464 | D:5      | Reached skill level 4 in Maces & Flails
  4155 | D:6      | Found a staircase to the Ecumenical Temple.
  4307 | D:6      | Reached skill level 5 in Maces & Flails
  4317 | D:6      | Reached XP level 9. HP: 73/79 MP: 10/10
  4332 | D:6      | Reached ** piety under Okawaru
  4557 | D:6      | Found a basalt altar of Yredelemnul.
  4633 | D:6      | Found an ornate altar of the Wu Jian Council.
  4825 | D:6      | Reached skill level 6 in Maces & Flails
  4973 | D:7      | Reached skill level 1 in Stealth
  6257 | D:8      | Reached *** piety under Okawaru
  6400 | D:8      | Reached skill level 5 in Dodging
  6400 | D:8      | Reached skill level 5 in Shields
  6485 | D:8      | Found a runed translucent gate.
  6544 | D:8      | Found a runed translucent gate.
  6545 | D:8      | Found a runed translucent gate.
  6606 | D:8      | Reached skill level 5 in Throwing
  6606 | D:8      | Reached skill level 5 in Invocations
  6610 | D:8      | Reached XP level 10. HP: 59/88 MP: 12/12
  6615 | D:8      | Reached skill level 7 in Maces & Flails
  6824 | D:8      | Found a sacrificial altar of Ru.
  6940 | D:8      | Noticed BuzzyBeetle's ghost (journeyman KoCj)
  7202 | D:8      | Banished BuzzyBeetle's ghost
  7261 | D:8      | Got the ring "Noum" {Fire Str+4 Slay+5}
  7275 | D:8      | Identified the +6 flail of Dagoegh {vorpal, rC+}
  7462 | D:9      | Noticed Harold
  7471 | D:9      | Reached **** piety under Okawaru
  7483 | D:9      | Killed Harold
  7493 | D:9      | Gained mutation: You are frail. (-10% HP) [potion of
                  | mutation]
  7493 | D:9      | Gained mutation: Your muscles are strong. (Str +4, Int/Dex
                  | -1) [potion of mutation]
  7507 | D:9      | Reached skill level 8 in Maces & Flails
  7913 | D:9      | Found a radiant altar of Vehumet.
  7988 | D:9      | Noticed a cyclops
  7998 | D:9      | Banished a cyclops
  8214 | D:9      | Noticed a two-headed ogre
  8222 | D:9      | Killed a two-headed ogre
  8223 | D:9      | Reached XP level 11. HP: 87/87 MP: 14/14
  8248 | D:9      | Noticed Prince Ribbit
  8254 | D:9      | Killed Prince Ribbit
  8254 | D:9      | Reached ***** piety under Okawaru
  8484 | D:10     | Entered Level 10 of the Dungeon
  8753 | D:10     | You fall into a shaft and drop 1 floor!
  8760 | D:11     | Noticed Snorg
  8768 | D:11     | Killed Snorg
  8857 | D:11     | Noticed Urug
  8882 | D:11     | Killed Urug
  8882 | D:11     | Received a gift from Okawaru
  9094 | D:10     | Reached skill level 9 in Maces & Flails
  9178 | D:10     | Noticed a two-headed ogre
  9184 | D:10     | Killed a two-headed ogre
 10014 | D:10     | Identified a scroll of acquirement
 10146 | D:11     | Found Omach's General Store.
 10149 | D:11     | Bought a potion of heal wounds for 50 gold pieces
 10174 | D:11     | Bought a phial of floods for 400 gold pieces
 10242 | D:11     | Found a staircase to the Lair.
 10260 | D:11     | Received a gift from Okawaru
 10270 | D:11     | Reached skill level 1 in Evocations
 10647 | D:11     | Noticed Sonja
 10654 | D:11     | Banished Sonja
 10655 | D:11     | Reached skill level 10 in Fighting
 10671 | D:11     | Received a gift from Okawaru
 10780 | D:11     | Noticed Maurice
 10791 | D:11     | Killed Maurice
 10806 | D:11     | Received a gift from Okawaru
 10807 | D:11     | Reached XP level 12. HP: 39/95 MP: 16/16
 11340 | D:11     | Reached skill level 10 in Maces & Flails
 11496 | D:11     | Noticed a two-headed ogre
 11504 | D:11     | Killed a two-headed ogre
 11655 | D:12     | Reached ****** piety under Okawaru
 11661 | D:12     | Noticed Rupert
 11667 | D:12     | Paralysed by Rupert for 4 turns
 11671 | D:12     | Noticed Nergalle
 11675 | D:12     | Banished Rupert
 11699 | D:12     | Killed Nergalle
 11743 | D:12     | Found a shimmering blue altar of Sif Muna.
 11834 | D:12     | Noticed an ogre mage
 11896 | D:12     | Received a gift from Okawaru
 11954 | D:12     | Found a gate leading to a gauntlet.
 11966 | Gauntlet | Entered a Gauntlet
 11966 | Gauntlet | Found a transporter.
 11973 | Gauntlet | Found a transporter.
 11973 | Gauntlet | Found the ring of the Tortoise {AC+8}
 11975 | Gauntlet | Found a transporter.
 11982 | Gauntlet | Noticed a death scarab
 11984 | Gauntlet | Found a runed translucent door.
 11986 | Gauntlet | Found a transporter.
 11988 | Gauntlet | Found a transporter.
 11997 | Gauntlet | Noticed a cacodemon
 11999 | Gauntlet | Found a transporter.
 12017 | Gauntlet | Found a transporter.
 12025 | Gauntlet | Found a transporter.
 12027 | Gauntlet | Found the dreamshard necklace {*Dream Drain}
 12037 | Gauntlet | Found a transporter.
 12040 | Gauntlet | Noticed a reaper
 12052 | Gauntlet | Found a transporter.
 12064 | Gauntlet | Found a runed translucent gate.
 12065 | Gauntlet | Found a runed translucent gate.
 12065 | Gauntlet | Found a transporter.
 12065 | Gauntlet | Found a transporter.
 12067 | Gauntlet | Found a runed translucent gate.
 12109 | Gauntlet | Found a transporter.
 12123 | Gauntlet | Found a transporter.
 12412 | Gauntlet | Banished a reaper
 12420 | Gauntlet | Identified the +3 pair of gloves "Muoxog" {-Tele rN++ Will-
                  | SInv}
 12742 | Gauntlet | Noticed a minotaur
 12750 | Gauntlet | Banished a minotaur
 12760 | Gauntlet | Identified the ring "Vucwezod" {rCorr AC+4 Dex+3}
 12767 | Gauntlet | Acquired 1018 gold pieces
 12863 | D:12     | Noticed a six-headed hydra
 12872 | D:12     | Killed a six-headed hydra
 12958 | D:12     | Received a gift from Okawaru
 13025 | D:12     | Noticed a two-headed ogre
 13031 | D:12     | Killed a two-headed ogre
 13095 | D:12     | Found a staircase to the Orcish Mines.
 13160 | D:12     | Found a transporter.
 13300 | Abyss:3  | Cast into level 3 of the Abyss (a wizard)
 13370 | Abyss:3  | Noticed an eidolon
 13381 | Abyss:3  | Killed an eidolon
 13401 | Abyss:3  | Reached XP level 13. HP: 97/105 MP: 18/18
 13449 | Abyss:3  | Noticed a tentacled starspawn
 13460 | Abyss:3  | Killed a tentacled starspawn
 13461 | Abyss:3  | Reached skill level 10 in Dodging
 13479 | Abyss:3  | Noticed a tentacled starspawn
 13492 | Abyss:3  | Killed a tentacled starspawn
 13492 | Abyss:3  | Identified the +6 broad axe "Minotaur's Regret" {vorpal,
                  | Stlth+} (Okawaru gifted it to you on level 3 of the Abyss)
 13492 | Abyss:3  | Received a gift from Okawaru
 13547 | Abyss:3  | Noticed a hellephant
 13585 | Abyss:3  | Noticed a tentacled starspawn
 13586 | Abyss:3  | Lost mutation: You are extremely frail. (-30% HP) [potion
                  | of mutation]
 13586 | Abyss:3  | Lost mutation: Your muscles are strong. (Str +4, Int/Dex
                  | -1) [potion of mutation]
 13586 | Abyss:3  | Gained mutation: You are agile. (Dex +4, Str/Int -1)
                  | [potion of mutation]
 13586 | Abyss:3  | Lost mutation: You are agile. (Dex +4, Str/Int -1) [potion
                  | of mutation]
 13586 | Abyss:3  | Gained mutation: You have sharp fingernails. [potion of
                  | mutation]
 13696 | Abyss:3  | Lost mutation: You have sharp fingernails. [potion of
                  | mutation]
 13696 | Abyss:3  | Gained mutation: You are very dopey. (Int -4) [potion of
                  | mutation]
 13696 | Abyss:3  | Gained mutation: You have hidden genetic potential. [potion
                  | of mutation]
 13697 | Abyss:3  | Found a corrupted altar of Lugonu.
 13726 | Abyss:3  | Reached skill level 10 in Armour
 13736 | Abyss:3  | Noticed an Executioner
 13742 | Abyss:3  | Banished an Executioner
 13755 | Abyss:3  | Noticed a bone dragon
 13762 | Abyss:3  | Banished a bone dragon
 13763 | Abyss:3  | Noticed a tentacled starspawn
 13767 | D:12     | Escaped the Abyss
 13789 | D:12     | Reached skill level 5 in Evocations
 14060 | D:12     | Found a transporter.
 14258 | D:13     | Found a bloodstained altar of Trog.
 14335 | D:13     | Received a gift from Okawaru
 15440 | D:13     | Reached XP level 14. HP: 84/130 MP: 19/19
 15813 | Arena    | Entered the Arena
 16188 | D:14     | Reached skill level 11 in Maces & Flails
 16206 | D:14     | Noticed an ironbound preserver
 16207 | D:14     | Found a gate to the Vaults.
 16234 | D:14     | Killed an ironbound preserver
 16250 | D:14     | Gained mutation: You have sharp fingernails. [hidden
                  | potential]
 16315 | D:14     | Reached skill level 12 in Maces & Flails
 17208 | D:15     | Entered Level 15 of the Dungeon
 17217 | D:15     | Noticed a stone giant
 17229 | D:14     | Reached skill level 13 in Maces & Flails
 17297 | D:15     | Killed a stone giant
 17297 | D:15     | Received a gift from Okawaru
 17672 | D:14     | Acquired the +6 crystal plate armour of Juneriesch {rPois
                  | Will+ Str-3}
 18217 | D:14     | Reached skill level 14 in Maces & Flails
 18610 | Lair:1   | Entered Level 1 of the Lair of Beasts
 18782 | Lair:1   | Reached skill level 15 in Maces & Flails
 19233 | Lair:1   | Reached skill level 16 in Maces & Flails
 19276 | Lair:1   | Received a gift from Okawaru
 19982 | Lair:2   | Found a staircase to the Snake Pit.
 19991 | Lair:2   | Reached skill level 17 in Maces & Flails
 20039 | Lair:2   | Reached XP level 15. HP: 127/138 MP: 20/20
 20307 | Lair:2   | Found a staircase to the Swamp.
 20923 | Lair:3   | Received a gift from Okawaru
 21532 | Lair:4   | Found a viscous altar of Jiyva.
 21532 | Lair:4   | Found a staircase to the Slime Pits.
 21584 | Lair:4   | Reached skill level 18 in Maces & Flails
 21591 | Lair:4   | Found the +10 dark maul {vorpal}
 21649 | Lair:4   | Found a broken altar of Ashenzari.
 21830 | Lair:4   | Found the +1 robe of Vines {NoPotionHeal Regen++++}
 21855 | Lair:4   | Gained mutation: You have a somewhat thin skeletal
                  | structure. (Dex +2, Stealth+) [hidden potential]
 21855 | Lair:4   | Lost mutation: You have hidden genetic potential. [hidden
                  | potential expressed]
 22346 | Lair:5   | Entered Level 5 of the Lair of Beasts
 22383 | Lair:5   | Reached skill level 19 in Maces & Flails
 22388 | Lair:5   | Received a gift from Okawaru
 22541 | Lair:5   | Paralysed by a hornet for 1 turns
 22543 | Lair:5   | Paralysed by a hornet for 2 turns
 22561 | Lair:5   | Identified the +7 scimitar "Pyoleysy" {vorpal, rCorr Dex+4}
 22567 | Lair:5   | Identified the +7 short sword "Tiypt" {elec, Fragile Fly
                  | rN+++ Int-4}
 22737 | Lair:5   | Received a gift from Okawaru
 23150 | Lair:5   | Reached skill level 20 in Maces & Flails
 24411 | Orc:1    | Entered Level 1 of the Orcish Mines
 24427 | Orc:1    | Received a gift from Okawaru
 24546 | Orc:2    | Entered Level 2 of the Orcish Mines
 24888 | Orc:2    | Noticed Saint Roka
 24889 | Orc:2    | Reached skill level 21 in Maces & Flails
 25474 | Orc:2    | Killed Saint Roka
 25474 | Orc:2    | Received a gift from Okawaru
 25475 | Orc:2    | Reached XP level 16. HP: 119/146 MP: 16/21
 25648 | Orc:2    | Found Jejighybru's General Store.
 25656 | Orc:2    | Found Awum's Jewellery Shop.
 25757 | Orc:2    | Bought an amulet of faith for 720 gold pieces
 25801 | Orc:2    | Found a staircase to the Elven Halls.
 26408 | Orc:2    | Found Gatigriz's Antique Weapon Shop.
 26424 | Orc:2    | Found Faraaq's Antique Armour Shop.
 27151 | Orc:2    | Bought the ring of the Hippo {rPois rF+ Str+3 Dex+6 Slay+3}
                  | for 1315 gold pieces
 27319 | Snake:1  | Entered Level 1 of the Snake Pit
 27362 | Snake:1  | Received a gift from Okawaru
 27379 | Snake:1  | Reached skill level 22 in Maces & Flails
 28054 | Snake:1  | Found a one-way gate to the infinite horrors of the Abyss.
 28054 | Snake:1  | Noticed Bunnuime's ghost (adept DECj)
 28055 | Snake:1  | Found a transporter.
 28057 | Snake:1  | Noticed an Executioner
 28134 | Snake:1  | Found a transporter.
 28161 | Snake:1  | Noticed Donald
 28168 | Snake:1  | Killed Donald
 28572 | Snake:1  | Found Fana's Book Emporium.
 28573 | Snake:1  | Found Dekhugh's Jewellery Boutique.
 28573 | Snake:1  | Found Bemats's Jewellery Boutique.
 28881 | Snake:2  | Received a gift from Okawaru
 29002 | Snake:2  | Found Bafrus's Antique Weapon Emporium.
 29004 | Snake:2  | Found Retz's Weapon Shoppe.
 29006 | Snake:2  | Found Asuopih's Magic Scroll Emporium.
 29617 | Snake:2  | Reached skill level 23 in Maces & Flails
 30070 | Snake:3  | Received a gift from Okawaru
 30094 | Snake:3  | HP: 5/146 [shock serpent (10)]
 30513 | Slime:1  | Entered Level 1 of the Pits of Slime
 30885 | Slime:2  | Noticed an acid blob
 31308 | Swamp:1  | Entered Level 1 of the Swamp
 31414 | Swamp:1  | Identified the +1 scale mail of Vetua {rN+}
 31616 | Swamp:1  | Reached XP level 17. HP: 137/152 MP: 22/22
 31721 | Swamp:1  | Reached skill level 24 in Maces & Flails
 32062 | Swamp:1  | Received a gift from Okawaru
 33178 | Swamp:3  | Received a gift from Okawaru
 33220 | Swamp:3  | Identified the -1 helmet of the Delicate God {+Inv Int+4}
 33439 | Swamp:3  | Lost mutation: You have sharp fingernails. [potion of
                  | mutation]
 33439 | Swamp:3  | Lost mutation: You are dopey. (Int -2) [potion of mutation]
 33439 | Swamp:3  | Lost mutation: You have a somewhat thin skeletal structure.
                  | (Dex +2, Stealth+) [potion of mutation]
 33439 | Swamp:3  | Gained mutation: Your body sometimes deteriorates upon
                  | taking damage. [potion of mutation]
 33439 | Swamp:3  | Gained mutation: Your mind is acute. (Int +4, Str/Dex -1)
                  | [potion of mutation]
 33439 | Swamp:3  | Gained mutation: You are partially covered in iridescent
                  | scales. (AC +2) [potion of mutation]
 33801 | Orc:2    | Bought a potion of mutation for 112 gold pieces
 33801 | Orc:2    | Lost mutation: You are partially covered in iridescent
                  | scales. (AC +2) [potion of mutation]
 33801 | Orc:2    | Lost mutation: Your mind is acute. (Int +4, Str/Dex -1)
                  | [potion of mutation]
 33801 | Orc:2    | Gained mutation: Armour fits poorly on your strangely
                  | shaped body. [potion of mutation]
 33801 | Orc:2    | Gained mutation: Your flesh is heat resistant. (rF+)
                  | [potion of mutation]
 33801 | Orc:2    | Gained mutation: You possess an exceptional clarity of
                  | mind. [potion of mutation]
 33956 | Swamp:4  | Entered Level 4 of the Swamp
 34063 | Swamp:4  | Received a gift from Okawaru
 34340 | Swamp:4  | Reached skill level 25 in Maces & Flails
 34603 | Swamp:4  | Identified the +0 plate armour of Zuynlasi {rC+ Int+3}
 34692 | Swamp:4  | Received a gift from Okawaru
 34702 | Swamp:4  | Reached skill level 15 in Armour
 34704 | Swamp:4  | Noticed the 27-headed Lernaean hydra
 34710 | Swamp:4  | Killed the 27-headed Lernaean hydra
 34834 | Swamp:4  | Got a decaying rune of Zot
 35330 | Orc:2    | Bought a buzzing plate armour for 812 gold pieces
 35330 | Orc:2    | Identified the +1 plate armour of Nila {rCorr Str+3} (You
                  | bought it in a shop on level 2 of the Orcish Mines)
 35554 | Snake:3  | HP: 2/152 [naga warrior/+0 halberd (28)]
 36133 | Elf:1    | Entered Level 1 of the Elven Halls
 36962 | D:4      | Killed quakins's ghost
 37547 | D:15     | Reached skill level 26 in Maces & Flails
 37937 | D:15     | Found a staircase to the Depths.
 38323 | Vaults:1 | Entered Level 1 of the Vaults
 38467 | Vaults:1 | Slain by a yaktaur captain

Illustrated notes

Levels and vault maps discovered:
D:1:      lemuel_arrival_funnel, layout_loops_ring
D:2:      layout_rooms, kennysheep_generic_room_8
D:3:      layout_rooms, nicolae_uskayaw_murder_on_the_dancefloor,
          cheibrodos_ashenzari_chains, serial_shops,
          nicolae_shop_overgrown_old_shop, nicolae_ecumenical_pavilion,
          uniq_ijyb
D:4:      layout_loops_ring, okawaru_metal_pillars_3, fedhas_altar_1,
          mainiacjoe_overflow_surrounded_room, gammafunk_ghost_smash,
          minivault_5
D:5:      layout_loops_cross, gammafunk_ghost_split
D:6:      layout_rooms, pdpol_wu_jian_five_deadly_venoms,
          lemuel_coloured_pillars_altar, minmay_temple_entry_statues_pillars,
          minmay_misc_feat_five
D:7:      layout_layer_cave, grunt_ogre_cave
D:8:      layout_loops_ring, mainiacjoe_overflow_small_starburst,
          gammafunk_ghost_icy
D:9:      layout_long_grid, mainiacjoe_overflow_alcove_2, uniq_prince_ribbit1,
          uniq_harold
D:10:     layout_grid_maze
D:11:     layout_roguey, minmay_lair_entry_grove, serial_shops, kennysheep_mini,
          uniq_sonja, uniq_snorg, uniq_urug, uniq_maurice
D:12:     gammafunk_sealed_library, layout_small_grid, orc_0_dummy,
          gauntlet_entry_generic, uniq_nergalle, uniq_rupert
D:13:     layout_small_grid, bloody_trog
D:14:     layout_cave_pools, skrybe_vaults_entry_preservation, minivault_11,
          skrybe_limestone_x
D:15:     hangedman_depths_entry_civil_slaughter, layout_rooms,
          grunt_decor_arrowhead, serial_demonic, serial_demonic_b,
          serial_demonic_c, serial_demonic_g, serial_demonic_b, serial_demonic_c
Lair:1:   beast_lair_carwin_large_3, layout_cave_pods, fungi_pond_lemuel,
          grunt_megastairs_1
Lair:2:   layout_gridlike, minmay_swamp_entry_swarm, guppyfry_snake_entry_island
Lair:3:   layout_small_grid, minivault_25
Lair:4:   layout_gridlike, dpeg_slime_entry_enclosed, basic_altar,
          hellmonk_guarded_unrand_vines, grunt_megastairs_4
Lair:5:   minmay_lair_end_enchanted_forest, layout_cave_pods,
          infiniplex_staircase_pool_2
Swamp:1:  layout_basic_swamp, evilmike_swamp_ruin_house_4
Swamp:2:  layout_basic_swamp, hangedman_swamp_blocks
Swamp:3:  layout_falls_marsh, evilmike_swamp_ruin_house_2
Swamp:4:  swamp_old_school, layout_basic_swamp, infiniplex_staircase_pool
Snake:1:  layout_grid_shapes, gammafunk_ghost_abyssal_escape, minmay_shop_grove,
          lemuel_fruit_tree, uniq_donald
Snake:2:  layout_layer_cave, minmay_shop_star
Snake:3:  layout_onion, basic_altar, serial_bayou_shore_b, uniq_jorgrun
Slime:1:  layout_caves
Slime:2:  layout_caves, nicolae_slime_barrier
Orc:1:    layout_caves, mines1_david
Orc:2:    grunt_orc_cross, layout_caves
Elf:1:    eino_elf_arrival_the_gate, layout_gridlike, serial_shops,
          nicolae_shop_crystal, minmay_elf_demonology, nrook_mini_backslash,
          lemuel_flamethrower_3
Vaults:1: v_misc_28, hangedman_vaults_locks, ontoclasm_vaults_gateway,
          ontoclasm_vaults_bender, nicolae_vaults_diagonal_hallway_8, v_misc_3,
          grunt_vaults_focal, v_misc_12, hangedman_vaults_nails,
          vaults_room_ringed_pool, vaults_mumra_chevron,
          nicolae_vaults_ring_of_whatevers, grunt_vaults_hallway_short,
          nicolae_vaults_little_squares_6, ontoclasm_vaults_pinch,
          layout_vaults_ring

Skill      XL: |  1  2  3  4  5  6  7  8  9 10 11 12 13 14 15 16 17 |
---------------+----------------------------------------------------+-----
Fighting       | 4 5 6 7 8 9 10 11 13 14 | 14.0
Armour         | 4 5 7 8 9 10 11 12 13 15 | 15.6
Axes           | 3 4 |  4.3
Shields        | 4 5 6 7 8 |  8.0
Throwing       | 1 2 3 4 5 6 7 8 |  8.7
Maces & Flails | 2 3 5 6 8 9 10 17 21 23 26 | 26.2
Invocations    | 2 3 5 6 7 8 9 |  9.1
Dodging        | 1 3 5 7 8 9 11 13 | 13.1
Stealth        | 1 2 3 |  3.6
Evocations     | 2 3 5 |  5.0

Action                   |  1- 3 |  4- 6 |  7- 9 | 10-12 | 13-15 | 16-18 || total
-------------------------+-------+-------+-------+-------+-------+-------++-------
Melee: War axe           |    60 |       |       |       |       |       ||    60
       Headbutt          |     7 |    15 |    51 |   103 |   224 |    56 ||   456
       Whip              |    15 |    99 |   222 |   395 |   676 |       ||  1407
       Maul              |       |       |       |       |   181 |   448 ||   629
Throw: Dart              |     1 |     1 |     2 |    21 |     5 |     4 ||    34
       Boomerang         |       |       |     2 |     1 |     7 |     6 ||    16
       Javelin           |       |       |       |       |     5 |       ||     5
Invok: Heroism           |       |       |       |     4 |     5 |       ||     9
       Finesse           |       |       |       |     2 |     7 |     7 ||    16
       Duel              |       |       |       |       |     1 |       ||     1
Evoke: Wand              |       |       |       |     3 |     5 |       ||     8
       Tin of tremorston |       |       |       |     1 |     1 |       ||     2
  Use: Potion            |     1 |     4 |       |     8 |    14 |    11 ||    38
       Scroll            |       |    11 |     7 |    11 |     4 |     1 ||    34
 Stab: Distracted        |       |       |       |     2 |       |       ||     2
       Sleeping          |       |       |       |       |     4 |       ||     4
Armor: Scale mail        |    44 |    43 |     4 |       |       |       ||    91
       Skin              |       |     3 |       |    20 |       |       ||    23
       Ring mail         |       |       |    50 |    99 |   373 |       ||   522
       Crystal plate arm |       |       |       |       |    26 |   642 ||   668
Dodge: Dodged            |    27 |    30 |    95 |   232 |   740 |   486 ||  1610
Block: Buckler           |    17 |    14 |    60 |    76 |   163 |       ||   330
